 Dungeon Crawl Stone Soup version 0.26.1-11-gd32895ea62 (webtiles) character file.

Game seed: 3471224368504101140

30 nothank2 the Sneak (level 3, -3/16 HPs)
             Began as a Spriggan Enchanter on July 11, 2021.
             Slain by Sigmund
             ... wielding a +0 vampiric scythe
              (15 damage)
             ... on level 2 of the Dungeon.
             The game lasted 00:04:34 (1508 turns).

nothank2 the Sneak (Spriggan Enchanter)             Turns: 1508, Time: 00:04:34

Health: -3/16      AC:  2    Str:  4    XL:     3   Next: 5%
Magic:  8/8        EV: 18    Int: 16    God:
Gold:   34         SH:  0    Dex: 17    Spells: 4/7 levels left

rFire    . . .     SeeInvis +   a - +1 dagger
rCold    . . .     Faith    .   (shield restricted)
rNeg     . . .     Spirit   .   b - +0 robe
rPois    .         Reflect  .   (helmet restricted)
rElec    .         Harm     .   (no cloak)
rCorr    .         Rampage  .   (gloves unavailable)
Will     .....                  (boots unavailable)
Stlth    +++.......             (no amulet)
HPRegen  0.05/turn              (no ring)
MPRegen  0.11/turn              (no ring)

@: very quick
A: very small, unfitting armour, see invisible, speed 3
a: no special abilities


You were on level 2 of the Dungeon.
You visited 1 branch of the dungeon, and saw 2 of its levels.

You collected 34 gold pieces.

Inventory:

Hand Weapons
 a - a +1 dagger (weapon)
Armour
 b - a +0 robe (worn)
Jewellery
 j - an uncursed amulet of faith
Potions
 g - a potion of lignification
 h - a potion of heal wounds {unknown}
 i - a potion of brilliance {unknown}
 k - a potion of berserk rage {unknown}
 m - a potion of invisibility {unknown}


   Skills:
 - Level 1.1 Short Blades
 - Level 3.0 Dodging
 + Level 5.5 Stealth
 - Level 2.6 Spellcasting
 + Level 4.4 Hexes


You had 4 spell levels left.
You knew the following spells:

 Your Spells              Type           Power        Failure   Level
a - Corona                Hex            17%          3%          1
b - Ensorcelled Hibernat  Hex/Ice        18%          12%         2

Your spell library contained the following spells:

 Spells                   Type           Power        Failure   Level
 Confusing Touch          Hex            16%          10%         3
 Tukima's Dance           Hex            16%          10%         3
 Dazzling Flash           Conj/Hex       18%          24%         3


Dungeon Overview and Level Annotations

Branches:
Dungeon (2/15)

Altars:

Annotations:
D:2 Sigmund


Innate Abilities, Weirdness & Mutations

You are very small and have problems with some larger weapons.
You are too small for most types of armour.
You have supernaturally acute eyesight. (SInv)
You cover ground extremely quickly.


Message History

You kill the kobold!
Things that are here:
a +0 club; a kobold corpse A kobold comes into view.
It is wielding a +0 dagger.
The kobold shouts!
You hear a shout!
A hobgoblin comes into view.
Sigmund the Dreaded comes into view.
He is wielding a +0 vampiric scythe and wearing a +2 robe of willpower.
You closely miss the kobold. The kobold completely misses you.
You barely miss the kobold. The kobold barely misses you.
You hit the kobold.
The kobold is moderately wounded.
The kobold hits you but does no damage.
You hit the kobold.
The kobold is heavily wounded.
The kobold hits you with a +0 dagger.
You barely miss the kobold.
The kobold is heavily wounded.
Sigmund hits you from afar with a +0 vampiric scythe!
Ouch! That really hurt!
You die...

#.#.# #...#
#...# ###..?##
####......
#.......# #
#.......##.###
###>.#........!.
#...)...@....###
#.#..####K####
#.#..... @#
####.#######.#
#.......# .#
#.##.##.# ..
#.##.##.# ..
#.##.(#.# ..
#..##.#.#


You could see Sigmund and a kobold.

Vanquished Creatures
  A worm (D:2)
  A dart slug (D:1)
  3 goblins (D:1)
  4 hobgoblins (D:1)
  3 jackals (D:1)
  2 kobolds
  A quokka (D:2)
  4 bats
  3 frilled lizards (D:1)
  A rat (D:1)
23 creatures vanquished.

Notes
Turn   | Place    | Note
-------+----------+-------------------------------------------
     0 | D:1      | nothank2 the Spriggan Enchanter began the quest for the
                  | Orb.
     0 | D:1      | Reached XP level 1. HP: 9/9 MP: 5/5
   370 | D:1      | Reached XP level 2. HP: 13/13 MP: 6/6
   398 | D:1      | Reached skill level 5 in Stealth
  1406 | D:1      | Learned a level 2 spell: Ensorcelled Hibernation
  1463 | D:2      | Reached XP level 3. HP: 16/16 MP: 8/8
  1502 | D:2      | Noticed Sigmund
  1508 | D:2      | Slain by Sigmund

Illustrated notes

Levels and vault maps discovered:
D:1:      evilmike_arrival_hilbert_curve, layout_loops_ring
D:2:      layout_loops_cross, general_overflow_altar, uniq_sigmund

Skill      XL: |  1  2 |
---------------+-------+-----
Hexes          | 4 |  4.4
Stealth        | 5 |  5.5
Short Blades   | |  1.1
Dodging        | |  3.0
Spellcasting   | |  2.6

Action                   || total
-------------------------++-------
Melee: Dagger            ||    92
 Cast: Corona            ||     6
       Ensorcelled Hiber ||     1
  Use: Scroll            ||     5
 Stab: Sleeping          ||    12
Armor: Robe              ||    11
Dodge: Dodged            ||    58
